 Dungeon Crawl Stone Soup version 0.19-a0-473-g3ac10ee (webtiles) character file.

106 Brrr the Digger (level 4, -2/24 HPs)
             Began as a Gargoyle Earth Elementalist on June 4, 2016.
             Slain by a hobgoblin
             ... wielding a cursed +0 club
             ... led by Robin
              (4 damage)
             ... on level 2 of the Dungeon.
             The game lasted 00:09:56 (2831 turns).

Brrr the Digger (Gargoyle Earth Elementalist)       Turns: 2831, Time: 00:09:56

Health: -2/24      AC:  6    Str: 11    XL:     4   Next: 84%
Magic:  0/10       EV: 12    Int: 20    God:
Gold:   67         SH:  0    Dex: 10    Spells: 2 memorised, 7 levels left

rFire  . . .     SeeInvis .     o - +2 dagger (flame)
rCold  . . .     Gourm    .     c - +1 robe
rNeg   + . .     Faith    .     (no shield)
rPois  ∞         Spirit   .     (no helmet)
rElec  +         Dismiss  .     (no cloak)
rCorr  .         Reflect  .     (no gloves)
SustAt .         Harm     .     (no boots)
MR     .....                    (no amulet)
Stlth  ++........               (no ring)
                                q - +3 ring of intelligence

@: invisible, not resistant to hostile enchantments, unstealthy
A: negative energy resistance 1, electricity resistance, unbreathing,
petrification resistance, rot immunity, AC +3
a: no special abilities


You were on level 2 of the Dungeon.
You were hungry.

You visited 1 branch of the dungeon, and saw 2 of its levels.

You collected 67 gold pieces.

Inventory:

Hand Weapons
 i - a +0 dagger
 j - a +0 club
 k - a +0 spear
 l - a +0 whip
 m - a +0 hand axe
 o - a +2 dagger of flaming (weapon)
 s - a +2 dagger of protection
 u - a +0 short sword
Missiles
 b - 155 stones (quivered)
Armour
 c - a +1 robe (worn)
Jewellery
 q - a +3 ring of intelligence (left hand)
Scrolls
 n - 2 scrolls of magic mapping
 p - a scroll of enchant armour
Potions
 f - a potion of might
 g - a potion of mutation
Books
 a - a Fen Folio

   Spells                             Type                      Level
   a - Corpse Rot                     Necromancy                   2
   b - Stone Arrow                    Conjuration/Earth            3
   c - Leda's Liquefaction            Hexes/Earth                  4
   d - Summon Forest                  Summoning/Translocation      5
   e - Hydra Form                     Transmutation                6
   f - Summon Hydra                   Summoning                    7
 e - a book of Geomancy

   Spells                             Type                      Level
   a - Sandblast                      Earth                        1
   b - Passwall                       Transmutation/Earth          2
   c - Stone Arrow                    Conjuration/Earth            3
   d - Petrify                        Transmutation/Earth          4
   e - Lee's Rapid Deconstruction     Earth                        5
Comestibles
 d - 3 bread rations
 h - 2 beef jerkies
 t - a meat ration
 v - 6 chunks of flesh


   Skills:
 - Level 1.5 Dodging
 - Level 2.1 Stealth
 * Level 4.0 Spellcasting
   Level 0.7 Transmutations
 + Level 4.5 Earth Magic


You had 7 spell levels left.
You knew the following spells:

 Your Spells              Type           Power        Failure   Level  Hunger
a - Sandblast             Erth           ###...       1%          1    None
b - Stone Arrow           Conj/Erth      ##....       17%         3    ###....


Dungeon Overview and Level Annotations

Branches:
Dungeon (2/15)

Altars:
Yredelemnul


Innate Abilities, Weirdness & Mutations

You are resistant to torment.
Your stone body is resilient. (AC +3)
You are immune to poison.
You resist negative energy. (rN+)
You are resistant to electric shocks. (rElec)
You can survive without breathing.
You are immune to petrification.
You are immune to rotting.


Message History

The hobgoblin misses you. The goblin hits you but does no damage.
The goblin hits you with a dagger.
Casting: Stone Arrow
Confirm with . or Enter, or press ? or * to list all spells.
Aiming: Stone Arrow
Press: ? - help, Shift-Dir - straight line, f - goblin
Aim: a goblin, wielding a club (unusually strong)
The stone arrow misses the goblin.
The hobgoblin closely misses you. The goblin hits you with a club.
* * * LOW HITPOINT WARNING * * *
The hobgoblin hits you but does no damage.
The goblin hits you with a club.
* * * LOW HITPOINT WARNING * * *
The goblin hits you but does no damage. The goblin misses you.
Unknown command.
Unknown command.
You fade into invisibility!
The hobgoblin misses you. The goblin barely misses you. The goblin misses you.
The hobgoblin hits you with a club.
You die...

################*
#......#...#..≈≈##
#....gg'...'.,≈≈≈#
#..gggg#,,,*,,≈≈≈##
#''##g@#########≈≈#
#g,,#ggg.......#≈≈##
#,,,#....(.....'...#
*,,,#..........'...####
*,,,#.....(....'.....).
*,,,#..........#≈≈#####
*,,,#..#########≈≈#
*,,,#..#...#..≈≈≈##
**+*#).'...'..≈≈≈#


You could see 3 hobgoblins and 7 goblins.

Vanquished Creatures
  Robin (D:2)
  3 adders (D:2)
  A worm (D:2)
  3 dart slugs
  2 giant geckos (D:1)
  A giant cockroach (D:1)
  11 goblins
  9 hobgoblins
  7 jackals
  6 kobolds
  A quokka (D:2)
  A ball python (D:1)
  3 bats (D:2)
  2 giant newts
  6 rats
57 creatures vanquished.

Notes
Turn   | Place    | Note
--------------------------------------------------------------
     0 | D:1      | Brrr the Gargoyle Earth Elementalist began the quest for the Orb.
     0 | D:1      | Reached XP level 1. HP: 10/10 MP: 3/3
   319 | D:1      | Reached XP level 2. HP: 15/15 MP: 5/5
   440 | D:1      | Reached XP level 3. HP: 3/19 MP: 0/7
   447 | D:1      | Learned a level 3 spell: Stone Arrow
  1350 | D:2      | Found a basalt altar of Yredelemnul.
  1537 | D:2      | Reached XP level 4. HP: 10/24 MP: 9/9
  2823 | D:2      | Noticed Robin
  2829 | D:2      | Killed Robin
  2831 | D:2      | Slain by a hobgoblin

Vault maps used:
D:1:      dpeg_arrival_windows_large_door
D:2:      kennysheep_goblin_castle, lemuel_round_altar, first_bread,
          minmay_box_of_dots

Skill      XL: |  1  2  3  4 |
---------------+-------------+-----
Earth Magic    | 4 |  4.5
Spellcasting   | 3 4 |  4.0
Dodging        | |  1.5
Stealth        | |  2.1
Transmutations | |  0.7

Action                   |  1- 3 |  4- 6 || total
-------------------------+-------+-------++-------
Melee: Spear             |   116 |    41 ||   157
       Dagger            |     5 |    12 ||    17
 Cast: Sandblast         |    17 |    18 ||    35
       Stone Arrow       |       |     3 ||     3
  Use: Scroll            |     4 |     4 ||     8
       Potion            |     2 |     1 ||     3
 Stab: Sleeping          |     3 |     1 ||     4
  Eat: Chunk             |     2 |     4 ||     6
Armor: Robe              |    40 |    21 ||    61
Dodge: Dodged            |    73 |    52 ||   125
